| TOP OF THE 1ST |
|
Portland Beavers batting - Pitching for Eugene Emeralds : LHP Christopher Mayo
|
|
Pitching: LHP Christopher Mayo
|
|
|
Batting: RHB Skeeter Barnes
|
0-0: Ball 1-0: Foul Ball, location: 2F 1-1: Foul Ball, location: 2F 1-2: Ground out 4-3 (Groundball, 4, EV 101.3 MPH)
|
|
Batting: LHB Mike Gates
|
0-0: Called Strike 0-1: Ball 1-1: SOLO HOME RUN (Flyball, 89XD, EV 107.5 MPH), Distance : 392 ft
|
|
Batting: RHB Glenn Davis
|
0-0: Called Strike 0-1: Ground out 6-3 (Groundball, 6, EV 110.0 MPH)
|
|
Batting: LHB Harold Baines
|
0-0: Ground out 4-3 (Groundball, 4, EV 87.5 MPH)
|
| Top of the 1st over - 1 run, 1 hit, 0 errors, 0 left on base; Portland 1 - Eugene 0 |
| BOTTOM OF THE 1ST |
|
Eugene Emeralds batting - Pitching for Portland Beavers : RHP Kevin Gross
|
|
Pitching: RHP Kevin Gross
|
|
|
Batting: LHB James Peters
|
0-0: Ball 1-0: Called Strike 1-1: Ball 2-1: Ball 3-1: Ground out 4-3 (Groundball, 4, EV 103.1 MPH)
|
|
Batting: LHB Ty Gainey
|
0-0: Ball 1-0: Swinging Strike 1-1: Ball 2-1: Ball 3-1: Base on Balls
|
|
Batting: RHB Tim Wallach
|
0-0: Called Strike Ty Gainey steals 2nd base (no throw) 0-1: Ball 1-1: Fly out, F7 (Flyball, 7D, EV 90.6 MPH) Runner from 2nd tags up, SAFE at 3rd, no throw by LF
|
|
Batting: LHB Randy Bush
|
0-0: Ball 1-0: SINGLE (Groundball, 34D, EV 103.8 MPH) Ty Gainey scores
|
|
Batting: LHB Andy Guerrero
|
0-0: Ball 1-0: Called Strike 1-1: Foul Ball, location: 2F 1-2: Ball 2-2: Ball 3-2: Fly out, F4 (Popup, 4S, EV 60.6 MPH)
|
| Bottom of the 1st over - 1 run, 1 hit, 0 errors, 1 left on base; Portland 1 - Eugene 1 |
| TOP OF THE 2ND |
|
Portland Beavers batting - Pitching for Eugene Emeralds : LHP Christopher Mayo
|
|
Batting: RHB Martinho Varandas
|
0-0: Called Strike 0-1: Called Strike 0-2: Strikes out swinging, 2-3 out at first.
|
|
Batting: RHB Kevin Buckley
|
0-0: Foul Ball, location: 2F 0-1: Ground out 6-3 (Groundball, 6, EV 112.5 MPH)
|
|
Batting: RHB Pepe Mangual
|
0-0: Ball 1-0: Foul Ball, location: 2F 1-1: Ball 2-1: Ground out 3-1 (Groundball, 34S, EV 87.5 MPH)
|
| Top of the 2nd over - 0 runs, 0 hits, 0 errors, 0 left on base; Portland 1 - Eugene 1 |
| BOTTOM OF THE 2ND |
|
Eugene Emeralds batting - Pitching for Portland Beavers : RHP Kevin Gross
|
|
Batting: LHB Alfredo Edmead
|
0-0: Foul Ball, location: 2F 0-1: Ball 1-1: Swinging Strike 1-2: Fly out, F7 (Flyball, 7LS, EV 93.8 MPH)
|
|
Batting: RHB Derrell Baker
|
0-0: Ball 1-0: SINGLE (Line Drive, 34, EV 103.1 MPH)
|
|
Batting: LHB Clay Hill
|
0-0: Swinging Strike 0-1: Ball 1-1: Foul Ball, location: 2F 1-2: Foul Ball, location: 2F 1-2: Ball 2-2: Strikes out swinging
|
|
Batting: LHB Richard Rickman
|
0-0: Ball 1-0: Called Strike 1-1: Swinging Strike 1-2: Strikes out swinging
|
| Bottom of the 2nd over - 0 runs, 1 hit, 0 errors, 1 left on base; Portland 1 - Eugene 1 |
| TOP OF THE 3RD |
|
Portland Beavers batting - Pitching for Eugene Emeralds : LHP Christopher Mayo
|
|
Batting: LHB Pat Sheridan
|
0-0: Called Strike 0-1: Foul Ball, location: 2F 0-2: Ball 1-2: Foul Ball, location: 2F 1-2: Ball 2-2: Fly out, F8 (Line Drive, 8RM, EV 88.1 MPH)
|
|
Batting: RHB Fred Manrique
|
0-0: Ball 1-0: Fly out, F9 (Flyball, 9LD, EV 103.8 MPH)
|
|
Batting: RHB Skeeter Barnes
|
0-0: Fly out, F6 (Popup, 6, EV 62.5 MPH)
|
| Top of the 3rd over - 0 runs, 0 hits, 0 errors, 0 left on base; Portland 1 - Eugene 1 |
| BOTTOM OF THE 3RD |
|
Eugene Emeralds batting - Pitching for Portland Beavers : RHP Kevin Gross
|
|
Batting: LHB James Peters
|
0-0: Called Strike 0-1: Called Strike 0-2: Foul Ball, location: 2F 0-2: Ball 1-2: Ball 2-2: Ball 3-2: Foul Ball, location: 2F 3-2: Strikes out looking
|
|
Batting: LHB Ty Gainey
|
0-0: Ball 1-0: Called Strike 1-1: Called Strike 1-2: SINGLE (Groundball, 4MS, EV 64.4 MPH) (infield hit)
|
|
Batting: RHB Tim Wallach
|
0-0: Ball 1-0: Called Strike 1-1: Ball 2-1: Ball 3-1: Fly out, F9 (Flyball, 9LM, EV 108.8 MPH)
|
|
Batting: LHB Randy Bush
|
0-0: Ball 1-0: Called Strike Ty Gainey is caught stealing 2nd base 2-6
|
| Bottom of the 3rd over - 0 runs, 1 hit, 0 errors, 0 left on base; Portland 1 - Eugene 1 |
| TOP OF THE 4TH |
|
Portland Beavers batting - Pitching for Eugene Emeralds : LHP Christopher Mayo
|
|
Batting: LHB Mike Gates
|
0-0: Called Strike 0-1: Foul Ball, location: 2F 0-2: SINGLE (Flyball, 8LS, EV 88.1 MPH)
|
|
Batting: RHB Glenn Davis
|
0-0: Foul Ball, location: 2F 0-1: SINGLE (Flyball, 8RS, EV 85.6 MPH) Mike Gates to second Runner from 2nd tries for 3rd, SAFE, throw by CF made to third
|
|
Batting: LHB Harold Baines
|
0-0: Called Strike 0-1: Called Strike 0-2: Ball 1-2: Fly out, F5 (Popup, 5, EV 74.4 MPH)
|
|
Batting: RHB Martinho Varandas
|
0-0: Called Strike 0-1: Swinging Strike 0-2: Ball 1-2: Fly out, F8 (Line Drive, 8LM, EV 93.8 MPH) Runner from 3rd tags up, SCORES, throw by CF
|
|
Batting: RHB Kevin Buckley
|
0-0: Called Strike 0-1: Called Strike 0-2: Fly out, F9 (Flyball, 9D, EV 93.8 MPH)
|
| Top of the 4th over - 1 run, 2 hits, 0 errors, 1 left on base; Portland 2 - Eugene 1 |
| BOTTOM OF THE 4TH |
|
Eugene Emeralds batting - Pitching for Portland Beavers : RHP Kevin Gross
|
|
Batting: LHB Randy Bush
|
0-0: Ball 1-0: Ball 2-0: Called Strike 2-1: Called Strike 2-2: Ball 3-2: SOLO HOME RUN (Flyball, 89XD, EV 101.9 MPH), Distance : 404 ft
|
|
Batting: LHB Andy Guerrero
|
0-0: Called Strike 0-1: Ball 1-1: Swinging Strike 1-2: Ball 2-2: Fly out, F8 (Flyball, 8LM, EV 85.6 MPH)
|
|
Batting: LHB Alfredo Edmead
|
0-0: Ball 1-0: Bunt missed! 1-1: Foul Ball, location: 2F 1-2: Ground out 3-1 (Groundball, 34S, EV 83.1 MPH)
|
|
Batting: RHB Derrell Baker
|
0-0: Called Strike 0-1: Ground out 5-3 (Groundball, 56S, EV 71.9 MPH)
|
| Bottom of the 4th over - 1 run, 1 hit, 0 errors, 0 left on base; Portland 2 - Eugene 2 |
| TOP OF THE 5TH |
|
Portland Beavers batting - Pitching for Eugene Emeralds : LHP Christopher Mayo
|
|
Batting: RHB Pepe Mangual
|
0-0: Ball 1-0: Foul Ball, location: 2F 1-1: Called Strike 1-2: Ball 2-2: Foul Ball, location: 2F 2-2: Foul Ball, location: 2F 2-2: Ball 3-2: Base on Balls
|
|
Batting: LHB Pat Sheridan
|
0-0: Ball 1-0: Bunt missed! 1-1: Ball 2-1: Bunted foul 2-2: Foul Ball, location: 2F 2-2: Ball 3-2: Fielders Choice at 2nd, 6-4 (Groundball, 6M, EV 83.1 MPH)
|
|
Batting: RHB Fred Manrique
|
0-0: Called Strike 0-1: Ball 1-1: Ball 2-1: Foul Ball, location: 2F 2-2: Foul Ball, location: 2F 2-2: Grounds into double play, 4-6-3 (Groundball, 34, EV 81.9 MPH)
|
| Top of the 5th over - 0 runs, 0 hits, 0 errors, 0 left on base; Portland 2 - Eugene 2 |
| BOTTOM OF THE 5TH |
|
Eugene Emeralds batting - Pitching for Portland Beavers : RHP Kevin Gross
|
|
Batting: LHB Clay Hill
|
0-0: Ball 1-0: Foul Ball, location: 2F 1-1: Ball 2-1: Ball 3-1: Foul Ball, location: 2F 3-2: DOUBLE (Line Drive, 7LM, EV 106.3 MPH)
|
|
Batting: LHB Richard Rickman
|
0-0: Reached on error, E4 (Groundball, 34, EV 99.4 MPH) Clay Hill to third
|
|
Batting: LHB James Peters
|
0-0: Called Strike 0-1: Ball 1-1: Ball Richard Rickman is caught stealing 2nd base 2-6 2-1: Swinging Strike 2-2: Ball 3-2: Strikes out swinging
|
|
Batting: LHB Ty Gainey
|
0-0: Called Strike 0-1: Foul Ball, location: 2F 0-2: Ground out 4-3 (Groundball, 4, EV 102.5 MPH)
|
| Bottom of the 5th over - 0 runs, 1 hit, 1 error, 1 left on base; Portland 2 - Eugene 2 |
| TOP OF THE 6TH |
|
Portland Beavers batting - Pitching for Eugene Emeralds : LHP Christopher Mayo
|
|
Batting: RHB Skeeter Barnes
|
0-0: Ball 1-0: Ball 2-0: Ball 3-0: Base on Balls
|
|
Batting: LHB Mike Gates
|
0-0: Ball 1-0: Foul Ball, location: 2F 1-1: Ball 2-1: Bunted foul 2-2: Ball Wild Pitch! Skeeter Barnes to second 3-2: Fly out, F8 (Flyball, 8RM, EV 85.0 MPH)
|
|
Batting: RHB Glenn Davis
|
0-0: Ball 1-0: Ball 2-0: Ball 3-0: Called Strike 3-1: Base on Balls
|
|
Batting: LHB Harold Baines
|
0-0: Ball
|
|
|
|
|
|
1-0: Foul Ball, location: 2F 1-1: Ground out U3 (Groundball, 34S, EV 75.0 MPH) Skeeter Barnes to third Glenn Davis to second
|
|
Batting: RHB Martinho Varandas
|
0-0: Called Strike 0-1: SINGLE (Groundball, 34D, EV 95.0 MPH) Skeeter Barnes scores Glenn Davis to third Runner from 3rd tries for Home, SAFE, throw by RF to home
|
|
Batting: RHB Kevin Buckley
|
0-0: Called Strike 0-1: Called Strike 0-2: Ball 1-2: Foul Ball, location: 2F 1-2: Ball 2-2: Foul Ball, location: 2F 2-2: Foul Ball, location: 2F 2-2: Ball 3-2: Strikes out swinging, 2-3 out at first.
|
| Top of the 6th over - 2 runs, 1 hit, 0 errors, 1 left on base; Portland 4 - Eugene 2 |
| BOTTOM OF THE 6TH |
|
Eugene Emeralds batting - Pitching for Portland Beavers : RHP Kevin Gross
|
|
Batting: RHB Tim Wallach
|
0-0: Ball 1-0: Swinging Strike 1-1: Ball 2-1: Ball 3-1: Called Strike 3-2: Reached on error, E6 (Groundball, 6M, EV 85.0 MPH)
|
|
Batting: LHB Randy Bush
|
0-0: Called Strike 0-1: Fly out, F7 (Flyball, 7LS, EV 96.9 MPH)
|
|
Batting: LHB Andy Guerrero
|
0-0: Ball 1-0: Foul Ball, location: 2F 1-1: Called Strike 1-2: 2-RUN HOME RUN (Flyball, 9D, EV 98.1 MPH), Distance : 374 ft
|
|
Batting: LHB Alfredo Edmead
|
0-0: Ball 1-0: Reached on error, E3 (Groundball, 3S, EV 90.6 MPH)
|
|
Batting: RHB Derrell Baker
|
0-0: Ball 1-0: Ball 2-0: Called Strike 2-1: Reached on error, E5 (Groundball, 56, EV 96.9 MPH) Alfredo Edmead to second
|
|
Batting: LHB Clay Hill
|
0-0: Called Strike Alfredo Edmead steals 3rd base Derrell Baker to second Balk! Alfredo Edmead scores Derrell Baker to third 0-1: Fly out, F8 (Flyball, 78D, EV 97.5 MPH) Runner from 3rd tags up, SCORES, no throw by CF
|
|
Batting: LHB Richard Rickman
|
0-0: SINGLE (Groundball, 34D, EV 98.8 MPH)
|
|
Batting: LHB James Peters
|
0-0: Foul Ball, location: 2F 0-1: Ground out 4-3 (Groundball, 34, EV 87.5 MPH)
|
| Bottom of the 6th over - 4 runs, 2 hits, 3 errors, 1 left on base; Portland 4 - Eugene 6 |
| TOP OF THE 7TH |
|
Portland Beavers batting - Pitching for Eugene Emeralds : LHP Christopher Mayo
|
|
Batting: RHB Pepe Mangual
|
0-0: Ball 1-0: Called Strike 1-1: Foul Ball, location: 2F 1-2: Strikes out swinging
|
|
Batting: LHB Pat Sheridan
|
0-0: Ball 1-0: Ball 2-0: Ball 3-0: Base on Balls
|
|
Batting: RHB Fred Manrique
|
0-0: Called Strike Pat Sheridan is caught stealing 2nd base 2-4 0-1: Called Strike 0-2: Ball 1-2: Strikes out looking
|
| Top of the 7th over - 0 runs, 0 hits, 0 errors, 0 left on base; Portland 4 - Eugene 6 |
| BOTTOM OF THE 7TH |
|
Eugene Emeralds batting - Pitching for Portland Beavers : RHP Kevin Gross
|
|
Pitching: LHP Don Carman
|
|
|
Batting: LHB Ty Gainey
|
0-0: Fly out, F8 (Flyball, 8RD, EV 98.1 MPH)
|
|
Batting: RHB Tim Wallach
|
0-0: Ball 1-0: Swinging Strike 1-1: Ball 2-1: Foul Ball, location: 2F 2-2: Foul Ball, location: 2F 2-2: Foul Ball, location: 2F 2-2: Foul Ball, location: 2F 2-2: Ball 3-2: Strikes out swinging
|
|
Batting: LHB Randy Bush
|
0-0: Foul Ball, location: 2F 0-1: SINGLE (Groundball, 34D, EV 100.6 MPH)
|
|
Batting: LHB Andy Guerrero
|
0-0: Swinging Strike 0-1: Called Strike 0-2: SINGLE (Groundball, 34D, EV 106.3 MPH) Randy Bush to second Runner from 2nd tries for 3rd, SAFE, no throw by RF
|
|
Batting: LHB Alfredo Edmead
|
0-0: Fly out, F9 (Flyball, 9LM, EV 106.3 MPH)
|
| Bottom of the 7th over - 0 runs, 2 hits, 0 errors, 2 left on base; Portland 4 - Eugene 6 |
| TOP OF THE 8TH |
|
Portland Beavers batting - Pitching for Eugene Emeralds : LHP Christopher Mayo
|
|
Batting: RHB Skeeter Barnes
|
0-0: Called Strike 0-1: Ground out 5-3 (Groundball, 5L, EV 85.0 MPH)
|
|
Pitching: RHP George Frazier
|
|
|
Batting: LHB Mike Gates
|
0-0: Called Strike 0-1: Ball 1-1: Ball 2-1: Ground out 4-3 (Groundball, 4, EV 90.6 MPH)
|
|
Now at 2B: Bill Salazar
|
|
|
Batting: RHB Glenn Davis
|
0-0: Foul Ball, location: 2F 0-1: Ball 1-1: Ball 2-1: Foul Ball, location: 2F 2-2: Ball 3-2: Fly out, F8 (Flyball, 8RD, EV 67.5 MPH)
|
| Top of the 8th over - 0 runs, 0 hits, 0 errors, 0 left on base; Portland 4 - Eugene 6 |
| BOTTOM OF THE 8TH |
|
Eugene Emeralds batting - Pitching for Portland Beavers : LHP Don Carman
|
|
Batting: RHB Bill Salazar
|
0-0: Ball 1-0: Swinging Strike 1-1: Fly out, F9 (Flyball, 9LM, EV 104.4 MPH)
|
|
Batting: LHB Clay Hill
|
0-0: Ball 1-0: Ball 2-0: Ball 3-0: Called Strike 3-1: Foul Ball, location: 2F 3-2: Foul Ball, location: 2F 3-2: Fly out, F4 (Popup, 4, EV 57.5 MPH)
|
|
Batting: LHB Richard Rickman
|
0-0: Called Strike 0-1: Foul Ball, location: 2F 0-2: Fly out, F6 (Flyball, 5D, EV 85.6 MPH)
|
| Bottom of the 8th over - 0 runs, 0 hits, 0 errors, 0 left on base; Portland 4 - Eugene 6 |
| TOP OF THE 9TH |
|
Portland Beavers batting - Pitching for Eugene Emeralds : RHP George Frazier
|
|
Batting: LHB Harold Baines
|
0-0: Ball 1-0: Fly out, F8 (Flyball, 78D, EV 98.8 MPH)
|
|
Batting: RHB Martinho Varandas
|
0-0: Foul Ball, location: 2F 0-1: Foul Ball, location: 2F 0-2: Ball 1-2: Ball 2-2: Fly out, F7 (Line Drive, 7, EV 93.8 MPH)
|
|
Batting: RHB Kevin Buckley
|
0-0: Ground out 6-3 (Groundball, 6M, EV 99.4 MPH)
|
| Top of the 9th over - 0 runs, 0 hits, 0 errors, 0 left on base; Portland 4 - Eugene 6 |
 |
|
Wednesday, July 22nd, 2020 - OOTP Baseball 21.4 Build 63
|
|